MLB
PITTSBURGH PIRATES @ CINCINNATI REDS
06/01/2042
 
TOP OF THE 1ST
Pittsburgh Pirates batting - Pitching for Cincinnati Reds : RHP Duane O'Dell
Pitching: RHP Duane O'Dell
Batting: LHB José Velasco 0-0: Called Strike
0-1: Called Strike
0-2: Foul Ball, location: 7LMF
0-2: Ball
1-2: Ball
2-2: Ball
3-2: Foul Ball, location: 2F
3-2: DOUBLE (Groundball, 3L, EV 101.3 MPH)
Batting: LHB Raúl Gallegos 0-0: Called Strike
0-1: Ground out 4-3 (Groundball, 4, EV 83.8 MPH)
José Velasco to third
Batting: LHB Del England 0-0: DOUBLE (Line Drive, 5D, EV 96.3 MPH)
José Velasco scores
Batting: LHB José Becerra 0-0: Ground out 6-3 (Groundball, 56, EV 101.9 MPH)
Del England to third
Batting: RHB Ken Quebell 0-0: Ball
1-0: Called Strike
1-1: Fly out, F9 (Line Drive, 89M, EV 98.1 MPH)
Top of the 1st over - 1 run, 2 hits, 0 errors, 1 left on base; Pittsburgh 1 - Cincinnati 0
BOTTOM OF THE 1ST
Cincinnati Reds batting - Pitching for Pittsburgh Pirates : LHP Artie Mohr
Pitching: LHP Artie Mohr
Batting: RHB Sergio García 0-0: Called Strike
0-1: Ball
1-1: Ball
2-1: Ball
3-1: Fly out, F3 (Popup, 23F, EV 83.8 MPH)
Batting: RHB Rudy Edwards 0-0: Called Strike
0-1: Ball
1-1: Foul Ball, location: 9LSF
1-2: Strikes out swinging
Batting: RHB José Montoya 0-0: Called Strike
0-1: Ball
1-1: Called Strike
1-2: Fly out, F4 (Line Drive, 4, EV 72.5 MPH)
Bottom of the 1st over - 0 runs, 0 hits, 0 errors, 0 left on base; Pittsburgh 1 - Cincinnati 0
TOP OF THE 2ND
Pittsburgh Pirates batting - Pitching for Cincinnati Reds : RHP Duane O'Dell
Batting: LHB Juan Padilla 0-0: Called Strike
0-1: Ball
1-1: Swinging Strike
1-2: Foul Ball, location: 9LSF
1-2: Fly out, F5 (Line Drive, 5, EV 68.8 MPH)
Batting: RHB Al Sexton 0-0: Ball
1-0: Foul Ball, location: 3FF
1-1: Foul Ball, location: 2F
1-2: Foul Ball, location: 5FF
1-2: Ball
2-2: Ball
3-2: Foul Ball, location: 25F
3-2: Foul Ball, location: 23F
3-2: Base on Balls
Batting: LHB Ron Hanson 0-0: Called Strike
0-1: Ball
1-1: Ball
2-1: Foul Ball, location: 23F
2-2: Strikes out swinging
Batting: RHB Jesús Rodríguez 0-0: Called Strike
Al Sexton steals 2nd base
0-1: Swinging Strike
0-2: Strikes out swinging
Top of the 2nd over - 0 runs, 0 hits, 0 errors, 1 left on base; Pittsburgh 1 - Cincinnati 0
BOTTOM OF THE 2ND
Cincinnati Reds batting - Pitching for Pittsburgh Pirates : LHP Artie Mohr
Batting: LHB Jesús Nava 0-0: Called Strike
0-1: Called Strike
0-2: Ball
1-2: Fly out, F7 (Flyball, 78M, EV 88.1 MPH)
Batting: RHB Tony Reyes 0-0: Ball
1-0: Called Strike
1-1: Ball
2-1: Foul Ball, location: 25F
2-2: Foul Ball, location: 23F
2-2: Ball
3-2: Strikes out swinging
Batting: SHB Joe Jones 0-0: Fly out, F9 (Flyball, 9, EV 89.4 MPH)
Bottom of the 2nd over - 0 runs, 0 hits, 0 errors, 0 left on base; Pittsburgh 1 - Cincinnati 0
TOP OF THE 3RD
Pittsburgh Pirates batting - Pitching for Cincinnati Reds : RHP Duane O'Dell
Batting: LHB José Velasco 0-0: Ball
1-0: Ball
2-0: Foul Ball, location: 25F
2-1: Called Strike
2-2: Ground out 5-3 (Groundball, 56, EV 101.3 MPH)
Batting: LHB Raúl Gallegos 0-0: Called Strike
0-1: SINGLE (Line Drive, 6D, EV 66.9 MPH)
Batting: LHB Del England 0-0: Ball
1-0: Ball
2-0: Ball
3-0: Called Strike
3-1: Foul Ball, location: 7LSF
3-2: Strikes out swinging
Raúl Gallegos is caught stealing 2nd base 2-6
Batter strikes out.
Top of the 3rd over - 0 runs, 1 hit, 0 errors, 0 left on base; Pittsburgh 1 - Cincinnati 0
BOTTOM OF THE 3RD
Cincinnati Reds batting - Pitching for Pittsburgh Pirates : LHP Artie Mohr
Batting: SHB Joe Hall 0-0: Ball
1-0: Ground out 6-3 (Groundball, 6, EV 86.9 MPH)
Batting: LHB Iván Ramos 0-0: Called Strike
0-1: Called Strike
0-2: Ball
1-2: Ball
2-2: Ground out 4-3 (Groundball, 4, EV 98.1 MPH)
Batting: RHB Rob González 0-0: Fly out, F4 (Popup, 3S, EV 77.5 MPH)
Bottom of the 3rd over - 0 runs, 0 hits, 0 errors, 0 left on base; Pittsburgh 1 - Cincinnati 0
TOP OF THE 4TH
Pittsburgh Pirates batting - Pitching for Cincinnati Reds : RHP Duane O'Dell
Batting: LHB José Becerra 0-0: Ball
1-0: Called Strike
1-1: Called Strike
1-2: Ball
2-2: Ball
3-2: Base on Balls
Batting: RHB Ken Quebell 0-0: Foul Ball, location: 7LSF
0-1: Fly out, F8 (Flyball, 8LD, EV 80.0 MPH)
Batting: LHB Juan Padilla 0-0: Swinging Strike
José Becerra steals 2nd base
0-1: Called Strike
0-2: Ground out 1-3 (Groundball, 13S, EV 66.9 MPH)
Batting: RHB Al Sexton 0-0: Ball
1-0: Ground out 4-3 (Groundball, 4, EV 83.1 MPH)
Top of the 4th over - 0 runs, 0 hits, 0 errors, 1 left on base; Pittsburgh 1 - Cincinnati 0
BOTTOM OF THE 4TH
Cincinnati Reds batting - Pitching for Pittsburgh Pirates : LHP Artie Mohr
Batting: RHB Sergio García 0-0: Ball
1-0: Called Strike
1-1: Called Strike
1-2: Ground out 3-1 (Groundball, 34, EV 88.8 MPH)
Batting: RHB Rudy Edwards 0-0: Ball
1-0: Called Strike
1-1: Ball
2-1: Ground out 6-3 (Groundball, 6, EV 91.9 MPH)
Batting: RHB José Montoya 0-0: Ball
1-0: Ball
2-0: Called Strike
2-1: Ball
3-1: Base on Balls
Batting: LHB Jesús Nava 0-0: Swinging Strike
0-1: Foul Ball, location: 2F
0-2: Strikes out swinging
Bottom of the 4th over - 0 runs, 0 hits, 0 errors, 1 left on base; Pittsburgh 1 - Cincinnati 0
TOP OF THE 5TH
Pittsburgh Pirates batting - Pitching for Cincinnati Reds : RHP Duane O'Dell
Batting: LHB Ron Hanson 0-0: Called Strike
0-1: Fly out, F6 (Popup, 6M, EV 66.3 MPH)
Batting: RHB Jesús Rodríguez 0-0: Ball
1-0: Ball
2-0: Ball
3-0: Fly out, F6 (Popup, 6MS, EV 79.4 MPH)
Batting: LHB José Velasco 0-0: Ball
1-0: Ground out 4-3 (Groundball, 4D, EV 78.8 MPH)
Top of the 5th over - 0 runs, 0 hits, 0 errors, 0 left on base; Pittsburgh 1 - Cincinnati 0
BOTTOM OF THE 5TH
Cincinnati Reds batting - Pitching for Pittsburgh Pirates : LHP Artie Mohr
Batting: RHB Tony Reyes 0-0: Called Strike
0-1: Ball
1-1: Ball
2-1: Foul Ball, location: 9LDF
2-2: SINGLE (Groundball, 56D, EV 100.0 MPH)
Batting: SHB Joe Jones 0-0: Swinging Strike
0-1: Swinging Strike
0-2: Foul Ball, location: 5FF
0-2: Foul Ball, location: 2F
0-2: Foul Ball, location: 25FF
0-2: Ball
1-2: Strikes out looking
Batting: SHB Joe Hall 0-0: Grounds into double play, 4-6-3 (Groundball, 34, EV 98.8 MPH)
Bottom of the 5th over - 0 runs, 1 hit, 0 errors, 0 left on base; Pittsburgh 1 - Cincinnati 0
TOP OF THE 6TH
Pittsburgh Pirates batting - Pitching for Cincinnati Reds : RHP Duane O'Dell
Batting: LHB Raúl Gallegos 0-0: Called Strike
0-1: Swinging Strike
0-2: Ball
1-2: Ball
2-2: Ground out 3-1 (Groundball, 34D, EV 95.6 MPH)
Batting: LHB Del England 0-0: Called Strike
0-1: Foul Ball, location: 5DF
0-2: Ground out U3 (Groundball, 3, EV 90.6 MPH)
Batting: LHB José Becerra 0-0: Swinging Strike
0-1: Ball
1-1: Ball
2-1: Foul Ball, location: 2F
2-2: Strikes out swinging
Top of the 6th over - 0 runs, 0 hits, 0 errors, 0 left on base; Pittsburgh 1 - Cincinnati 0
BOTTOM OF THE 6TH
Cincinnati Reds batting - Pitching for Pittsburgh Pirates : LHP Artie Mohr
Batting: LHB Iván Ramos 0-0: Ball
1-0: DOUBLE (Line Drive, 89M, EV 98.8 MPH)
Batting: RHB Rob González 0-0: Foul Ball, location: 2F
0-1: Ball
1-1: Fly out, F8 (Flyball, 8RXD, EV 110.0 MPH)
Runner from 2nd tags up, SAFE at 3rd, no throw by CF
Batting: RHB Sergio García 0-0: Called Strike
0-1: Ball
1-1: Ball
2-1: Ball
3-1: Called Strike
3-2: Base on Balls
Batting: RHB Rudy Edwards 0-0: Called Strike
0-1: Swinging Strike
0-2: Foul Ball, location: 9LMF
0-2: Foul Ball, location: 2F
0-2: Ball
1-2: Foul Ball, location: 23F
1-2: Foul Ball, location: 2F
1-2: Foul Ball, location: 3FF
1-2: Foul Ball, location: 5FF
1-2: SINGLE (Groundball, 4M, EV 96.9 MPH) (infield hit)
Iván Ramos scores
Sergio García to second
Batting: RHB José Montoya 0-0: 3-RUN HOME RUN (Flyball, 9D, EV 96.3 MPH), Distance : 374 ft
Batting: LHB Jesús Nava 0-0: Foul Ball, location: 2F
0-1: Ball
1-1: Called Strike
1-2: Ground out U3 (Groundball, 3, EV 84.4 MPH)
Batting: RHB Tony Reyes 0-0: Ball
1-0: Ball
2-0: Foul Ball, location: 2F
2-1: Called Strike
2-2: Ball
3-2: Strikes out swinging
Bottom of the 6th over - 4 runs, 3 hits, 0 errors, 0 left on base; Pittsburgh 1 - Cincinnati 4
TOP OF THE 7TH
Pittsburgh Pirates batting - Pitching for Cincinnati Reds : RHP Duane O'Dell
Batting: RHB Ken Quebell 0-0: Ball
1-0: Ball
2-0: Ball
3-0: Called Strike
3-1: Ground out 6-3 (Groundball, 6, EV 91.3 MPH)
Batting: LHB Juan Padilla 0-0: DOUBLE (Line Drive, 78D, EV 105.6 MPH)
Batting: RHB Al Sexton 0-0: Ball
1-0: Swinging Strike
1-1: Foul Ball, location: 2RF
1-2: Fly out, F7 (Line Drive, 78M, EV 93.8 MPH)
Batting: LHB Ron Hanson 0-0: Ball
1-0: Called Strike
1-1: Ground out 6-3 (Groundball, 6, EV 84.4 MPH)
Top of the 7th over - 0 runs, 1 hit, 0 errors, 1 left on base; Pittsburgh 1 - Cincinnati 4
BOTTOM OF THE 7TH
Cincinnati Reds batting - Pitching for Pittsburgh Pirates : LHP Artie Mohr
Batting: SHB Joe Jones 0-0: Foul Ball, location: 9LMF
0-1: Ball
1-1: SINGLE (Line Drive, 34D, EV 95.6 MPH)
Batting: SHB Joe Hall 0-0: Foul Ball, location: 3DF
0-1: Foul Ball, location: 2F
0-2: Strikes out swinging
Batting: LHB Iván Ramos 0-0: Ball
1-0: Swinging Strike
1-1: Ball
2-1: Fielders Choice at 2nd, 3-6 (Groundball, 3, EV 90.6 MPH)
Batting: RHB Rob González 0-0: Fielders Choice at 2nd, 5-4 (Groundball, 56, EV 93.8 MPH)
Bottom of the 7th over - 0 runs, 1 hit, 0 errors, 1 left on base; Pittsburgh 1 - Cincinnati 4
TOP OF THE 8TH
Pittsburgh Pirates batting - Pitching for Cincinnati Reds : RHP Duane O'Dell
Batting: RHB Jesús Rodríguez 0-0: Ball
1-0: Foul Ball, location: 3DF
1-1: Ball
2-1: Foul Ball, location: 2F
2-2: Foul Ball, location: 2F
2-2: Fly out, F7 (Flyball, 7S, EV 89.4 MPH)
Pitching: LHP Steve Vidito
Batting: LHB José Velasco 0-0: Called Strike
0-1: Ball
1-1: Foul Ball, location: 2F
1-2: Ball
2-2: Ball
3-2: Strikes out swinging
Batting: LHB Raúl Gallegos 0-0: Ball
1-0: Ball
2-0: Ground out 4-3 (Groundball, 4, EV 103.1 MPH)
Top of the 8th over - 0 runs, 0 hits, 0 errors, 0 left on base; Pittsburgh 1 - Cincinnati 4
BOTTOM OF THE 8TH
Cincinnati Reds batting - Pitching for Pittsburgh Pirates : LHP Artie Mohr
Batting: RHB Sergio García 0-0: Foul Ball, location: 2F
0-1: Ball
1-1: Ground out U3 (Groundball, 34, EV 82.5 MPH)
Batting: RHB Rudy Edwards 0-0: Called Strike
0-1: Foul Ball, location: 5F
0-2: Ball
1-2: Ground out 4-3 (Groundball, 4, EV 82.5 MPH)
Batting: RHB José Montoya 0-0: Ball
1-0: Ball
2-0: SOLO HOME RUN (Flyball, 7LD, EV 94.4 MPH), Distance : 350 ft
Pitching: RHP Charlie Russell
Batting: LHB Jesús Nava 0-0: Ball
1-0: Ball
2-0: Ball
3-0: Base on Balls
Batting: RHB Tony Reyes 0-0: Ball
1-0: Ball
2-0: Ball
3-0: Called Strike
3-1: Called Strike
3-2: Foul Ball, location: 25FF
3-2: Strikes out swinging
Bottom of the 8th over - 1 run, 1 hit, 0 errors, 1 left on base; Pittsburgh 1 - Cincinnati 5
TOP OF THE 9TH
Pittsburgh Pirates batting - Pitching for Cincinnati Reds : LHP Steve Vidito
Batting: LHB Del England 0-0: Ball
1-0: Ground out 1-3 (Groundball, 34S, EV 63.1 MPH)
Batting: LHB José Becerra 0-0: Called Strike
0-1: Ball
1-1: Foul Ball, location: 2F
1-2: Foul Ball, location: 2F
1-2: Strikes out looking
Batting: RHB Ken Quebell 0-0: Ball
1-0: Ball
2-0: Ball
3-0: Called Strike
3-1: Foul Ball, location: 2F
3-2: Base on Balls
Batting: LHB Juan Padilla 0-0: Fly out, F7 (Flyball, 7, EV 92.5 MPH)
Top of the 9th over - 0 runs, 0 hits, 0 errors, 1 left on base; Pittsburgh 1 - Cincinnati 5
Friday, May 3rd , 2024 - OOTP Baseball 24.10 Build 82